[ AOE2 MATCH · #505890456 ]
UnrankedCumans vs Turks
Player's team · WIN
Rival team · LOSS
[ REPLAY ANALYSIS · EXTRACTED FROM THE RECORDED GAME ]
Feudal
8:51
Castle
24:39
Imperial
39:13
| APM avg | 68.0 |
| APM peak | 98 |
| eAPM avg | 35.9 |
| Villagers / military | 216 / 413 |
Focus
⚔️ 40.0% · 🌾 60.0%
Knight ×173 · Scout Cavalry ×167 · Steppe Lancer ×66 · Trebuchet (Packed) ×7
Feudal
11:48
Castle
16:30
Imperial
37:12
| APM avg | 32.7 |
| APM peak | 59 |
| eAPM avg | 22.7 |
| Villagers / military | 235 / 172 |
Focus
⚔️ 35.0% · 🌾 65.0%
Janissary ×144 · Monk ×14 · Fishing Ship ×12 · Mangonel ×5 · Bombard Cannon ×4 · Trebuchet (Packed) ×3
Match map
Initial resources + every placement click. Lines = walls · curves = elevation contours. ◆ gold · ⬟ stone · ● berries · ✦ relic · ◌ wall gap
Your base· Open — 6t gap
lenko's base· Open — unwalled flank
Smoothed initial terrain · ◌ = detected wall gap · hover for details
Inputs per minute
— Liêm học IT - - lenko
Build order — Liêm học IT
First 150 of 635 actions detected
| 0:01 | Queue | Villager (Male) ×4 |
| 0:01 | Queue | Villager (Male) ×4 |
| 0:02 | Build | House |
| 0:03 | Build | House |
| 1:25 | Queue | Villager (Male) |
| 1:58 | Queue | Villager (Male) |
| 1:58 | Queue | Villager (Male) |
| 2:17 | Build | Lumber Camp |
| 2:30 | Queue | Villager (Male) |
| 2:30 | Queue | Villager (Male) |
| 2:59 | Queue | Villager (Male) |
| 2:59 | Queue | Villager (Male) |
| 3:13 | Queue | Villager (Male) |
| 3:28 | Queue | Villager (Male) |
| 3:59 | Queue | Villager (Male) |
| 4:00 | Queue | Villager (Male) |
| 4:09 | Build | House |
| 4:29 | Queue | Villager (Male) |
| 4:35 | Queue | Villager (Male) |
| 4:35 | Queue | Villager (Male) |
| 4:50 | Queue | Villager (Male) |
| 5:05 | Queue | Villager (Male) |
| 5:11 | Build | Mill |
| 5:25 | Research | Loom |
| 6:28 | Research | Feudal Age |
| 6:43 | Build | House |
| 6:46 | Build | Palisade Wall |
| 6:46 | Build | Palisade Wall |
| 7:16 | Build | Palisade Wall |
| 7:17 | Build | Palisade Wall |
| 7:18 | Build | Palisade Wall |
| 8:51 | Age | Feudal Age |
| 8:53 | Queue | Villager (Male) |
| 8:53 | Queue | Villager (Male) |
| 8:55 | Build | Town Center |
| 9:07 | Research | Double-Bit Axe |
| 9:15 | Build | House |
| 9:17 | Build | Palisade Wall |
| 9:28 | Queue | Villager (Male) |
| 9:42 | Queue | Villager (Male) |
| 9:54 | Build | House |
| 9:55 | Build | Palisade Wall |
| 9:55 | Build | Palisade Wall |
| 9:57 | Queue | Villager (Male) |
| 10:18 | Queue | Villager (Male) |
| 10:29 | Queue | Villager (Male) |
| 10:34 | Queue | Villager (Male) |
| 10:43 | Research | Horse Collar |
| 10:43 | Research | Horse Collar |
| 11:10 | Build | House |
| 11:11 | Queue | Villager (Male) |
| 11:12 | Queue | Villager (Male) |
| 11:12 | Queue | Villager (Male) |
| 11:20 | Queue | Villager (Male) |
| 11:27 | Build | Farm |
| 11:39 | Build | Watch Tower |
| 11:43 | Build | Farm |
| 11:54 | Build | Farm |
| 12:04 | Build | Farm |
| 12:06 | Build | Farm |
| 12:10 | Build | Outpost |
| 12:34 | Build | House |
| 12:34 | Queue | Villager (Male) |
| 12:34 | Queue | Villager (Male) |
| 12:51 | Build | Farm |
| 13:11 | Queue | Villager (Male) |
| 13:15 | Queue | Villager (Male) |
| 13:17 | Build | Farm |
| 13:20 | Build | Watch Tower |
| 13:25 | Build | Farm |
| 13:44 | Queue | Villager (Male) |
| 13:44 | Queue | Villager (Male) |
| 13:48 | Build | Blacksmith |
| 14:02 | Queue | Villager (Male) |
| 14:05 | Build | Farm |
| 14:25 | Queue | Villager (Male) |
| 14:26 | Queue | Villager (Male) |
| 14:39 | Build | Watch Tower |
| 14:47 | Queue | Villager (Male) |
| 14:51 | Build | House |
| 14:52 | Build | House |
| 14:56 | Build | Palisade Wall |
| 14:57 | Build | Palisade Wall |
| 14:58 | Build | Palisade Wall |
| 14:58 | Build | Palisade Wall |
| 14:59 | Build | Palisade Wall |
| 15:04 | Research | Fletching |
| 15:04 | Research | Fletching |
| 15:08 | Build | Outpost |
| 15:11 | Build | Farm |
| 15:13 | Build | Farm |
| 15:15 | Build | Farm |
| 15:25 | Queue | Villager (Male) |
| 15:36 | Build | House |
| 15:40 | Build | Palisade Wall |
| 15:44 | Build | Palisade Wall |
| 15:48 | Queue | Villager (Male) |
| 15:55 | Build | Palisade Wall |
| 15:59 | Build | Palisade Wall |
| 16:00 | Build | Palisade Wall |
| 16:02 | Build | Palisade Wall |
| 16:07 | Build | Palisade Wall |
| 16:14 | Queue | Villager (Male) |
| 16:15 | Queue | Villager (Male) |
| 16:15 | Queue | Villager (Male) |
| 16:15 | Queue | Villager (Male) |
| 16:18 | Build | Farm |
| 16:24 | Build | Farm |
| 16:45 | Build | Watch Tower |
| 16:55 | Queue | Villager (Male) |
| 16:56 | Queue | Villager (Male) |
| 16:56 | Queue | Villager (Male) |
| 16:57 | Queue | Villager (Male) |
| 16:57 | Queue | Villager (Male) |
| 16:59 | Build | Mining Camp |
| 17:01 | Queue | Villager (Male) |
| 17:01 | Queue | Villager (Male) |
| 17:04 | Queue | Villager (Male) |
| 17:05 | Queue | Villager (Male) |
| 17:10 | Build | House |
| 17:14 | Build | Market |
| 17:15 | Build | House |
| 17:17 | Build | House |
| 17:18 | Build | House |
| 17:21 | Queue | Villager (Male) |
| 17:25 | Build | Palisade Wall |
| 17:26 | Build | Palisade Wall |
| 17:26 | Build | Palisade Wall |
| 17:28 | Build | Palisade Wall |
| 17:28 | Build | Palisade Wall |
| 17:29 | Build | Palisade Wall |
| 17:31 | Build | Palisade Wall |
| 17:31 | Build | Palisade Wall |
| 17:35 | Queue | Villager (Male) |
| 17:39 | Queue | Villager (Male) |
| 17:52 | Queue | Villager (Male) |
| 17:52 | Queue | Villager (Male) |
| 18:02 | Build | House |
| 18:07 | Queue | Villager (Male) |
| 18:09 | Build | Watch Tower |
| 18:12 | Queue | Villager (Male) |
| 18:12 | Queue | Villager (Male) |
| 18:14 | Build | House |
| 18:15 | Queue | Villager (Male) |
| 18:24 | Build | Palisade Wall |
| 18:59 | Build | Palisade Wall |
| 19:07 | Queue | Villager (Male) |
| 19:07 | Queue | Villager (Male) |
| 19:07 | Queue | Villager (Male) |
| 19:08 | Queue | Villager (Male) |
Build order — lenko
First 150 of 437 actions detected
| 0:01 | Queue | Villager (Male) |
| 0:02 | Build | House |
| 0:04 | Build | House |
| 0:11 | Queue | Villager (Male) ×3 |
| 0:11 | Queue | Villager (Male) ×3 |
| 1:24 | Queue | Villager (Male) |
| 1:24 | Queue | Villager (Male) |
| 1:57 | Queue | Villager (Male) |
| 1:57 | Queue | Villager (Male) |
| 2:00 | Build | Lumber Camp |
| 2:18 | Queue | Villager (Male) |
| 2:50 | Queue | Villager (Male) |
| 3:01 | Queue | Villager (Male) |
| 3:01 | Queue | Villager (Male) |
| 3:10 | Build | House |
| 3:29 | Queue | Villager (Male) |
| 4:02 | Queue | Villager (Male) |
| 4:34 | Queue | Villager (Male) |
| 4:34 | Queue | Villager (Male) |
| 4:55 | Queue | Villager (Male) |
| 4:55 | Queue | Villager (Male) |
| 4:59 | Build | Dock |
| 5:12 | Queue | Villager (Male) |
| 5:12 | Queue | Villager (Male) |
| 5:23 | Build | House |
| 5:38 | Queue | Villager (Male) |
| 5:55 | Queue | Fishing Ship |
| 5:56 | Queue | Fishing Ship |
| 6:05 | Queue | Villager (Male) |
| 6:18 | Build | House |
| 6:30 | Queue | Villager (Male) |
| 6:57 | Build | Palisade Wall |
| 7:00 | Queue | Villager (Male) ×2 |
| 7:10 | Build | Mill |
| 7:43 | Queue | Villager (Male) |
| 7:44 | Queue | Villager (Male) |
| 8:07 | Build | Mining Camp |
| 8:20 | Research | Loom |
| 8:27 | Build | Palisade Wall |
| 8:29 | Build | Palisade Wall |
| 8:38 | Build | Mining Camp |
| 8:40 | Queue | Villager (Male) |
| 8:46 | Research | Loom |
| 8:53 | Build | Palisade Wall |
| 9:26 | Research | Feudal Age |
| 9:39 | Build | House |
| 9:45 | Build | Palisade Wall |
| 9:59 | Queue | Villager (Male) |
| 10:05 | Build | Palisade Wall |
| 10:08 | Build | Palisade Wall |
| 10:09 | Build | Palisade Wall |
| 10:11 | Build | Palisade Wall |
| 10:19 | Queue | Villager (Male) |
| 10:20 | Queue | Villager (Male) |
| 10:25 | Queue | Villager (Male) |
| 11:48 | Age | Feudal Age |
| 11:52 | Build | Market |
| 11:54 | Build | Blacksmith |
| 12:06 | Build | Fish Trap |
| 12:55 | Queue | Villager (Male) |
| 13:02 | Build | Fish Trap |
| 13:03 | Queue | Fishing Ship |
| 13:50 | Research | Castle Age |
| 14:03 | Queue | Fishing Ship |
| 14:07 | Build | House |
| 14:43 | Queue | Fishing Ship |
| 14:47 | Build | Fish Trap |
| 15:00 | Research | Double-Bit Axe |
| 15:08 | Build | Farm |
| 15:10 | Build | Farm |
| 15:23 | Queue | Fishing Ship |
| 15:27 | Build | Fish Trap |
| 15:55 | Build | Fish Trap |
| 15:57 | Queue | Villager (Male) |
| 15:57 | Queue | Villager (Male) |
| 16:30 | Age | Castle Age |
| 16:31 | Research | Fletching |
| 16:35 | Build | Castle |
| 16:44 | Build | Fish Trap |
| 16:52 | Build | Siege Workshop |
| 16:53 | Build | Monastery |
| 16:57 | Queue | Villager (Male) |
| 17:13 | Build | House |
| 17:14 | Build | House |
| 17:15 | Build | House |
| 17:38 | Build | Mining Camp |
| 17:39 | Queue | Villager (Male) |
| 17:39 | Queue | Villager (Male) |
| 17:39 | Queue | Villager (Male) |
| 17:55 | Queue | Monk |
| 18:25 | Queue | Villager (Male) ×2 |
| 18:41 | Queue | Janissary |
| 18:54 | Queue | Monk |
| 19:08 | Queue | Mangonel |
| 19:09 | Queue | Mangonel |
| 19:27 | Queue | Villager (Male) |
| 19:27 | Queue | Villager (Male) |
| 19:27 | Queue | Villager (Male) |
| 19:32 | Queue | Villager (Male) |
| 19:35 | Build | Farm |
| 19:37 | Build | Farm |
| 19:50 | Build | House |
| 19:51 | Build | House |
| 19:57 | Queue | Monk |
| 19:58 | Queue | Janissary |
| 20:28 | Queue | Villager (Male) |
| 20:32 | Build | Farm |
| 20:38 | Queue | Mangonel |
| 20:40 | Queue | Villager (Male) ×2 |
| 21:21 | Queue | Janissary |
| 21:21 | Queue | Janissary |
| 21:21 | Queue | Janissary |
| 21:48 | Queue | Monk |
| 21:52 | Queue | Villager (Male) |
| 21:52 | Queue | Villager (Male) |
| 21:52 | Queue | Villager (Male) |
| 21:56 | Build | Farm |
| 21:57 | Build | Farm |
| 21:58 | Build | Farm |
| 22:13 | Queue | Mangonel |
| 22:15 | Queue | Villager (Male) |
| 22:15 | Queue | Villager (Male) |
| 22:40 | Queue | Janissary |
| 22:40 | Queue | Janissary |
| 22:40 | Queue | Janissary |
| 22:46 | Build | Lumber Camp |
| 23:09 | Queue | Janissary |
| 23:09 | Queue | Janissary |
| 23:09 | Queue | Janissary |
| 23:13 | Queue | Mangonel |
| 23:15 | Queue | Villager (Male) |
| 23:32 | Build | Lumber Camp |
| 23:43 | Queue | Janissary |
| 23:54 | Queue | Fishing Ship |
| 23:56 | Build | Fish Trap |
| 24:03 | Queue | Villager (Male) |
| 24:03 | Queue | Villager (Male) |
| 24:03 | Queue | Villager (Male) |
| 24:05 | Build | Farm |
| 24:05 | Build | Farm |
| 24:29 | Queue | Villager (Male) |
| 24:29 | Queue | Villager (Male) |
| 24:30 | Queue | Villager (Male) |
| 24:35 | Build | Town Center |
| 24:50 | Queue | Janissary ×2 |
| 24:56 | Build | Fish Trap |
| 24:57 | Build | Fish Trap |
| 24:58 | Build | Fish Trap |
| 24:59 | Queue | Fishing Ship |
| 24:59 | Queue | Fishing Ship |
Match timeline
| 4:59 | lenko · first_building Dock |
| 6:46 | Liêm học IT · wall_segment Palisade Wall x1 |
| 6:46 | Liêm học IT · wall_segment Palisade Wall x1 |
| 6:57 | lenko · wall_segment Palisade Wall x5 |
| 7:16 | Liêm học IT · wall_segment Palisade Wall x7 |
| 7:17 | Liêm học IT · wall_segment Palisade Wall x1 |
| 7:18 | Liêm học IT · wall_segment Palisade Wall x1 |
| 8:27 | lenko · wall_segment Palisade Wall x1 |
| 8:29 | lenko · wall_segment Palisade Wall x7 |
| 8:51 | Liêm học IT · age_up feudal |
| 8:53 | lenko · wall_segment Palisade Wall x7 |
| 9:17 | Liêm học IT · wall_segment Palisade Wall x5 |
| 9:45 | lenko · wall_segment Palisade Wall x4 |
| 9:55 | Liêm học IT · wall_segment Palisade Wall x1 |
| 9:55 | Liêm học IT · wall_segment Palisade Wall x1 |
| 10:05 | lenko · wall_segment Palisade Wall x2 |
| 10:08 | lenko · wall_segment Palisade Wall x1 |
| 10:09 | lenko · wall_segment Palisade Wall x1 |
| 10:11 | lenko · wall_segment Palisade Wall x3 |
| 11:48 | lenko · age_up feudal |
| 12:46 | lenko · first_market_buy 100 food |
| 14:56 | Liêm học IT · wall_segment Palisade Wall x1 |
| 14:57 | Liêm học IT · wall_segment Palisade Wall x1 |
| 14:58 | Liêm học IT · wall_segment Palisade Wall x1 |
| 14:58 | Liêm học IT · wall_segment Palisade Wall x1 |
| 14:59 | Liêm học IT · wall_segment Palisade Wall x1 |
| 15:40 | Liêm học IT · wall_segment Palisade Wall x1 |
| 15:44 | Liêm học IT · wall_segment Palisade Wall x1 |
| 15:55 | Liêm học IT · wall_segment Palisade Wall x1 |
| 15:59 | Liêm học IT · wall_segment Palisade Wall x1 |
| 16:00 | Liêm học IT · wall_segment Palisade Wall x1 |
| 16:02 | Liêm học IT · wall_segment Palisade Wall x1 |
| 16:07 | Liêm học IT · wall_segment Palisade Wall x1 |
| 16:30 | lenko · age_up castle |
| 16:35 | lenko · first_building Castle |
| 16:52 | lenko · first_building Siege Workshop |
| 16:53 | lenko · first_building Monastery |
| 17:25 | Liêm học IT · wall_segment Palisade Wall x1 |
| 17:26 | Liêm học IT · wall_segment Palisade Wall x1 |
| 17:26 | Liêm học IT · wall_segment Palisade Wall x1 |
| 17:28 | Liêm học IT · wall_segment Palisade Wall x1 |
| 17:28 | Liêm học IT · wall_segment Palisade Wall x1 |
| 17:29 | Liêm học IT · wall_segment Palisade Wall x1 |
| 17:31 | Liêm học IT · wall_segment Palisade Wall x1 |
| 17:31 | Liêm học IT · wall_segment Palisade Wall x1 |
| 17:54 | lenko · first_market_sell 100 wood |
| 18:24 | Liêm học IT · wall_segment Palisade Wall x1 |
| 18:59 | Liêm học IT · wall_segment Palisade Wall x1 |
| 21:24 | Liêm học IT · wall_segment Palisade Wall x1 |
| 21:59 | Liêm học IT · first_market_buy 100 food |
| 22:16 | Liêm học IT · first_building Barracks |
| 23:12 | Liêm học IT · first_building Stable |
| 24:39 | Liêm học IT · age_up castle |
| 32:44 | Liêm học IT · first_market_sell 500 wood |
| 33:04 | Liêm học IT · first_building Castle |
| 35:11 | Liêm học IT · first_building Siege Workshop |
| 35:21 | Liêm học IT · first_building Monastery |
| 37:12 | lenko · age_up imperial |
| 38:55 | lenko · wall_segment Stone Wall x31 |
| 39:13 | Liêm học IT · age_up imperial |
| 40:46 | lenko · wall_segment Stone Wall x1 |
| 40:49 | lenko · wall_segment Stone Wall x1 |
| 42:31 | lenko · wall_segment Stone Wall x17 |
| 49:21 | lenko · wall_segment Stone Wall x1 |
| 50:53 | lenko · wall_segment Stone Wall x8 |
| 51:24 | lenko · first_building Barracks |
| 53:26 | lenko · resign |
[ AI ANALYSIS · 1 CREDIT ]
What really happened in this match?
Wolo.gg analyzes every decision: build order, eco, micro, common mistakes by bracket. Personalized analysis on WhatsApp or Discord in 30 seconds.
Civ guide
Cumans
Perfil
Jugador #14648183